 Dungeon Crawl Stone Soup version 0.31-a0-851-g7ff8af7976 (webtiles) character file.

Game seed: 13101586935542830477

15097 JackS81 the Summoner (level 12, -10/95 HPs)
             Began as a Hill Orc Summoner on Oct 3, 2023.
             Was a Priest of Kikubaaqudgha.
             Killed from afar by a bog body (24 damage)
             ... with a bolt of cold
             ... on level 2 of the Lair of Beasts on Oct 5, 2023.
             The game lasted 01:13:32 (12253 turns).

JackS81 the Summoner (Hill Orc Summoner)           Turns: 12253, Time: 01:13:33

Health: -10/95     AC:  7    Str: 12    XL:     12   Next: 23%
Magic:  12/20      EV: 13    Int: 25    God:    Kikubaaqudgha [***...]
Gold:   565        SH:  0    Dex: 11    Spells: 2/22 levels left

rFire   . . .        h - +4 halberd
rCold   . . .        (shield currently unavailable)
rNeg    . . .        L - +0 steam dragon scales
rPois   .            (no helmet)
rElec   .            z - scarf {shadows}
rCorr   .            E - +1 pair of gloves
SInv    .            (no boots)
Will    .....        F - amulet of regeneration
Stlth   ++           v - ring of wizardry
HPRegen 1.15/turn    i - +6 ring of intelligence
MPRegen 0.17/turn

%: wizardry (x1)
@: no status effects
A: no striking features
a: Renounce Religion, Unearth Wretches


You were on level 2 of the Lair of Beasts.
You worshipped Kikubaaqudgha.
Kikubaaqudgha was most pleased with you.
You visited 3 branches of the dungeon, and saw 12 of its levels.

You collected 604 gold pieces.
You spent 39 gold pieces at shops.

Inventory:

Hand Weapons
 h - a +4 halberd (weapon)
 j - a +0 sling of flaming
 q - a +0 trident
 N - a +2 scimitar of flaming
Missiles
 b - a throwing net
 r - 15 poisoned darts
 K - 4 curare-tipped darts
Armour
 z - a scarf of shadows (worn)
 E - a +1 pair of gloves (worn)
 I - a +3 leather armour
 L - +0 steam dragon scales (worn)
 O - a +0 robe of willpower
Magical Staves
 d - a staff of poison
Jewellery
 a - an amulet of faith
 c - a ring of fire
 f - a ring of see invisible
 i - a +6 ring of intelligence (right hand)
 t - an amulet of reflection
 v - a ring of wizardry (left hand)
 F - an amulet of regeneration (around neck)
 G - a ring of resist corrosion
 H - a ring of poison resistance
Wands
 A - a wand of iceblast (10)
 M - a wand of flame (7)
 P - a wand of digging (4)
Scrolls
 e - 2 scrolls of amnesia
 l - 4 scrolls of enchant armour {unknown}
 m - 2 scrolls of fog {unknown}
 n - a scroll of revelation
 p - a scroll of enchant weapon
 w - 2 scrolls of teleportation
 x - 2 scrolls of poison {unknown}
 y - 3 scrolls of torment
 B - 2 scrolls of fear
 J - 2 scrolls of blinking
 Q - a scroll of vulnerability
 S - a scroll of silence {unknown}
Potions
 g - a potion of might
 k - a potion of enlightenment
 o - 2 potions of brilliance
 s - a potion of lignification
 u - a potion of attraction
 C - a potion of heal wounds {unknown}
 D - 2 potions of resistance
 R - a potion of curing


   Skills:
 + Level 5.9 Fighting
 - Level 0.3 Short Blades
 + Level 7.5 Polearms
 - Level 4.1 Dodging
 - Level 1.5 Stealth
 + Level 5.6 Spellcasting
 + Level 13.9 Summonings
 * Level 7.3 Necromancy
 - Level 1.1 Air Magic


You had 2 spell levels left.
You knew the following spells:

 Your Spells              Type           Power      Damage    Failure   Level
a - Summon Small Mammal   Summ           100%       N/A       1%          1
b - Call Imp              Summ           100%       N/A       1%          2
c - Call Canine Familiar  Summ           67%        N/A       1%          3
d - Summon Guardian Gole  Hex/Summ       42%        N/A       1%          3
e - Summon Lightning Spi  Summ/Air       44%        N/A       1%          4
f - Vampiric Draining     Necr           43%        2d9       1%          3
g - Animate Dead          Necr           43%        N/A       1%          4

Your spell library contained the following spells:

 Spells                   Type           Power      Damage    Failure   Level
 Kiss of Death            Conj/Necr      100%       2d13      1%          1
 Necrotise                Necr           100%       1d9       1%          1
 Magic Dart               Conj           28%        1d4       3%          1
 Sandblast                Erth           14%        2d6       3%          1
 Passwall                 Tmut/Erth      5%         N/A       4%          2
 Searing Ray              Conj           14%        2d5       4%          2
 Agony                    Necr           43%        N/A       4%          5
 Anguish                  Hex/Necr       12%        N/A       7%          4
 Stone Arrow              Conj/Erth      14%        3d7       10%         3
 Borgnjor's Vile Clutch   Necr/Erth      12%        N/A       19%         5
 Vhi's Electric Charge    Tloc/Air       18%        N/A       24%         4
 Fulminant Prism          Conj/Hex       3%         3d5       28%         4
 Leda's Liquefaction      Hex/Erth       3%         N/A       28%         4
 Brom's Barrelling Bould  Conj/Erth      7%         2d3       30%         4
 Arcjolt                  Conj/Air       4%         1d14      52%         5
 Lee's Rapid Deconstruct  Erth           3%         3d5*      61%         5
 Simulacrum               Ice/Necr       12%        N/A       67%         6
 Bombard                  Conj/Erth      3%         9d1       99%         6
 Maxwell's Capacitive Co  Air            6%         ∞         100%        8


Dungeon Overview and Level Annotations

Branches:
Dungeon (9/15)             Temple (1/1) D:6            Lair (2/5) D:9
  Swamp (0/4) Lair:2        Snake (0/4) Lair:2
    Orc: D:9-12

Altars:
Ashenzari
Cheibriados
Dithmenos
Elyvilon
Fedhas
Gozag
Hepliaklqana
Kikubaaqudgha
Makhleb
Nemelex Xobeh
Okawaru
Qazlal
Ru
Sif Muna
Trog
Uskayaw
Vehumet
Wu Jian
Xom
Yredelemnul
Zin
The Shining One

Shops:
D:3 *   D:5 [   D:8 !=?(

Annotations:
D:5 2 runed translucent doors, Opifex's ghost, novice MiSh


Message History

Your cerulean imp seems to slow down.
Your cerulean imp barely misses the bog body.
Your rat closely misses the bog body.
The bog body misses your cerulean imp.
Your rat bites the bog body.
Casting: Summon Small Mammal (safe; 1% risk of failure)
Confirm with . or Enter, or press ? or * to list all spells.
The bog body casts a spell at you.
The bolt of cold hits your cerulean imp!!
Your cerulean imp dies!
Your cerulean imp disappears in a puff of smoke!
The bolt of cold misses you.
Your rat closely misses the bog body.
The bog body points at you and mumbles some strange words.
The bolt of cold misses your quokka. The bolt of cold misses you.
Your rat misses the bog body.
The bog body points at you and mumbles some strange words.
The bolt of cold hits your quokka!
Your quokka dies!
Your quokka's corpse disappears in a puff of smoke!
The bolt of cold hits you!!
Your rat bites the bog body.
Unknown command.
The bog body touches your rat.
Your rat dies!
Your rat's corpse disappears in a puff of smoke!
Your wolf bites the bog body!
Your wolf bites the bog body.
You reach to attack!
You closely miss the bog body.
The bog body is moderately damaged.
Your wolf bites the bog body!
You barely miss the bog body.
The bog body is heavily damaged.
The bog body touches you. The bog body freezes you!!
Your wolf barely misses the bog body.
The bog body touches you! The bog body freezes you!
* * * LOW HITPOINT WARNING * * *
Okay, then.
Your wolf splashes around in the water.
Your wolf barely misses the bog body.
The bog body casts a spell at you. The bolt of cold hits you!!
You die...
Kikubaaqudgha rasps: "You have failed me!
Welcome... death!"

+###.#......#### ##...###P######
......#.....# #....###### #
..........<.. #.†.###...####
..... ..... #..........##. .....
....## #..........##. .....
§..... #...##.##P#### ..P..
.§§..#### #.....## ##### .....
§.♣~~9.#.###.....#.##.##. ....
♣§§§hn§@................ ....
♣§§§§§§................. ....
.§§§§§§.................. ....
...§§♣§§.................. .####
..................(.......?
###.#......#P...#......#.P.#'####
.........##.P..####....#........#
...##.....#P...###.....).........
...#.....# #....###..............


You could see a bog body (ally target), a friendly guardian golem (summoned) and
a friendly wolf (summoned, sheltered).

Vanquished Creatures
  2 black mambas
  2 wyverns
  7 yaks (Lair:1)
  A naga (Lair:2)
  3 water moccasins
  An orc warrior (D:9)
  A black bear (D:6)
  3 wolves (Lair:1)
  3 scorpions
  Blork the orc (D:5)
  A bullfrog (D:7)
  A wight (D:9)
  A nameless horror (D:5)
  A jelly (D:7)
  2 hounds
  2 iguanas
  Natasha (twice) (D:3)
  A gnoll (D:4)
  2 adders (D:5)
  2 white imps
  A worm (D:2)
  2 dart slugs
  2 orcs
  A ball python (D:3)
  5 bats
  4 endoplasms
  3 giant cockroaches
  4 goblins
  3 hobgoblins
  2 jackals (D:1)
  4 kobolds
  A quokka (D:2)
  A frilled lizard (D:1)
  A rat (D:1)
73 creatures vanquished.

Vanquished Creatures (collateral kills)
  Harold (D:9)
  Erica (Lair:2)
  A bog body (Lair:2)
  An oklob plant (Lair:2)
  4 elephants (Lair:2)
  A cane toad (Lair:1)
  A rime drake (Lair:2)
  A komodo dragon (Lair:1)
  Sigmund (D:5)
  2 basilisks
  3 steam dragons
  7 yaks (Lair:1)
  Menkaure (D:7)
  An acid dragon (D:9)
  Duvessa (D:7)
  5 water moccasins
  2 ice beasts
  A black bear (Lair:2)
  2 wolves (Lair:1)
  A centaur (D:9)
  A kobold brigand (D:7)
  7 bullfrogs
  A scorpion (D:5)
  A wight (D:9)
  Dowan (D:7)
  A killer bee (D:8)
  A howler monkey (D:9)
  2 jellies
  2 hounds
  2 gnoll boudas
  An orc priest (D:6)
  A sleepcap (D:7)
  Natasha (D:3)
  An iguana (D:4)
  3 orc wizards
  9 gnolls
  5 adders
  2 ufetubi
  4 worms
  A dart slug (D:4)
  8 orcs
  2 endoplasms (D:3)
  2 giant cockroaches
  3 goblins
  2 hobgoblins
  2 quokkas
  5 ball pythons
  4 bats
  3 frilled lizards
  7 kobolds
  4 rats
127 creatures vanquished.

Vanquished Creatures (others)
  An elephant (Lair:2)
  A cane toad (Lair:2)
  A komodo dragon (Lair:2)
  A polar bear (Lair:2)
  5 yaks (Lair:1)
  A naga (Lair:2)
  3 water moccasins
  2 orc warriors
  A wolf (Lair:1)
  2 bullfrogs
  2 scorpions (D:5)
  A wight (D:9)
  4 killer bees (D:8)
  A gnoll (D:4)
  An orc (D:6)
  3 kobolds (D:7)
30 creatures vanquished.

Grand Total: 230 creatures vanquished

Notes
Turn   | Place    | Note
-------+----------+-------------------------------------------
     0 | D:1      | JackS81 the Hill Orc Summoner began the quest for the Orb.
     0 | D:1      | Reached XP level 1. HP: 14/14 MP: 3/3
   235 | D:1      | Reached XP level 2. HP: 20/20 MP: 4/4
   394 | D:1      | Learned a level 2 spell: Call Imp
   864 | D:2      | Reached XP level 3. HP: 19/26 MP: 2/5
   919 | D:2      | Found a faded altar of an unknown god.
  1776 | D:2      | Learned a level 3 spell: Call Canine Familiar
  1847 | D:3      | Found Hueh's General Store.
  1996 | D:3      | Reached XP level 4. HP: 34/34 MP: 3/7
  2197 | D:3      | Noticed Natasha
  2205 | D:3      | Killed Natasha
  2206 | D:3      | Reached skill level 5 in Summonings
  2351 | D:3      | Noticed Natasha
  2357 | D:3      | Killed Natasha
  2358 | D:3      | Reached skill level 1 in Fighting
  2358 | D:3      | Reached XP level 5. HP: 39/40 MP: 2/8
  2582 | D:3      | Noticed Natasha
  2589 | D:3      | Killed Natasha
  2752 | D:4      | Learned a level 3 spell: Summon Guardian Golem
  3380 | D:4      | Reached XP level 6. HP: 22/47 MP: 3/10
  3527 | D:4      | Reached skill level 6 in Summonings
  4045 | D:5      | Entered Level 5 of the Dungeon
  4056 | D:5      | Noticed a water moccasin
  4081 | D:5      | Killed a water moccasin
  4082 | D:5      | Reached XP level 7. HP: 53/53 MP: 2/12
  4251 | D:5      | Found a stormy altar of Qazlal.
  4296 | D:5      | Found a large runed translucent door.
  4296 | D:5      | Found a large runed translucent door.
  4299 | D:5      | Noticed Opifex's ghost (novice MiSh)
  4355 | D:5      | Noticed Sigmund
  4394 | D:5      | Killed Sigmund
  4395 | D:5      | Reached skill level 1 in Polearms
  4507 | D:5      | Found Favoatz's Armour Shop.
  4583 | D:5      | Noticed Blork the orc
  4603 | D:5      | Killed Blork the orc
  4604 | D:5      | Reached skill level 7 in Summonings
  4803 | D:5      | Reached XP level 8. HP: 61/61 MP: 11/14
  5568 | D:5      | Learned a level 4 spell: Summon Lightning Spire
  5594 | D:6      | Found a staircase to the Ecumenical Temple.
  5610 | D:6      | Reached skill level 8 in Summonings
  5611 | Temple   | Entered the Ecumenical Temple
  5624 | Temple   | Became a worshipper of Kikubaaqudgha
  6442 | D:6      | Found a glowing silver altar of Zin.
  6444 | D:6      | Found a sparkling altar of Nemelex Xobeh.
  6984 | D:7      | Reached XP level 9. HP: 69/69 MP: 6/15
  6989 | D:7      | Reached skill level 9 in Summonings
  7155 | D:7      | Reached skill level 1 in Necromancy
  7225 | D:7      | Noticed Menkaure
  7233 | D:7      | Noticed Dowan
  7234 | D:7      | Killed Menkaure
  7235 | D:7      | Noticed Duvessa
  7242 | D:7      | Killed Duvessa
  7243 | D:7      | Reached skill level 5 in Polearms
  7245 | D:7      | Killed Dowan
  7573 | D:8      | Reached * piety under Kikubaaqudgha
  7573 | D:8      | Received a gift from Kikubaaqudgha
  7589 | D:8      | Learned a level 3 spell: Vampiric Draining
  7851 | D:8      | Found Ybbakhlap's Antique Weapon Shop.
  7868 | D:8      | Reached skill level 10 in Summonings
  8023 | D:8      | Found an opulent altar of Gozag.
  8278 | D:8      | Found Penin's Magic Scroll Boutique.
  8284 | D:8      | Bought a scroll of teleportation for 39 gold pieces
  8542 | D:8      | Reached XP level 10. HP: 78/78 MP: 8/16
  8636 | D:8      | Found Luiq Ohe's Jewellery Emporium.
  8656 | D:8      | Found Osuf's Distillery.
  8960 | D:9      | Found a staircase to the Lair.
  9076 | D:9      | Reached skill level 1 in Air Magic
  9202 | D:9      | Reached skill level 11 in Summonings
  9218 | D:9      | Noticed Harold
  9240 | D:9      | Killed Harold
  9574 | Lair:1   | Entered Level 1 of the Lair of Beasts
  9799 | Lair:1   | Reached skill level 5 in Necromancy
  9804 | Lair:1   | Reached ** piety under Kikubaaqudgha
  9805 | Lair:1   | Reached skill level 12 in Summonings
  9902 | Lair:1   | Reached XP level 11. HP: 85/85 MP: 4/17
 10183 | Lair:1   | Reached skill level 5 in Fighting
 10189 | Lair:1   | Reached skill level 13 in Summonings
 10205 | Lair:1   | HP: 1/129 [yak (10)]
 10713 | Lair:1   | Upgraded the game from 0.31-a0-845-g9abc20d24f to
                  | 0.31-a0-851-g7ff8af7976
 11051 | Lair:2   | Noticed an oklob plant
 11085 | Lair:2   | Killed an oklob plant
 11362 | Lair:2   | Noticed Erica
 11385 | Lair:2   | Killed Erica
 11532 | Lair:2   | Reached *** piety under Kikubaaqudgha
 11532 | Lair:2   | Received a gift from Kikubaaqudgha
 11549 | Lair:2   | Noticed a bog body
 11555 | Lair:2   | Killed a bog body
 11556 | Lair:2   | Reached skill level 5 in Spellcasting
 11760 | Lair:2   | Reached XP level 12. HP: 57/95 MP: 8/19
 11765 | Lair:2   | Learned a level 4 spell: Animate Dead
 12161 | Lair:2   | Found a staircase to the Snake Pit.
 12235 | Lair:2   | Found a staircase to the Swamp.
 12253 | Lair:2   | Killed from afar by a bog body

Illustrated notes

Levels and vault maps discovered:
D:1:      dpeg_arrival_castle, layout_rooms, serial_aquarium,
          aquarium_bridge_square [aquarium_subvault_wall,
          aquarium_subvault_wall, aquarium_subvault_bridge,
          aquarium_subvault_bridge], aquarium_bridge_square
          [aquarium_subvault_bridge, aquarium_subvault_wall,
          aquarium_subvault_wall, aquarium_subvault_window],
          aquarium_window_corridor_3, aquarium_window_1, aquarium_window_fake,
          aquarium_window_fake, aquarium_view_4, aquarium_balcony_1a,
          aquarium_pool_side
D:2:      layout_basic, ebering_ecumenical_altar_sacrificial,
          kennysheep_generic_room_7
D:3:      layout_loops_ring, serial_shops, shop, uniq_natasha
D:4:      layout_loops_corners, portal_sewer_entry_b
D:5:      old_forge, layout_cave_pods, mainiacjoe_overflow_six_doors_small,
          ebering_ghost_disaster_area, serial_park_tiny_1,
          nicolae_stop_n_shop_1, uniq_blork_the_orc, uniq_sigmund
D:6:      layout_basic, nicolae_overflow_hidden_temple,
          minmay_temple_entry_overgrown, serial_corexii_hall,
          chequers_hall_statues_y, corexii_hall_statues_t,
          chequers_hall_statues_wall_a
D:7:      layout_rooms, uniq_menkaure, uniq_duvessa
D:8:      layout_basic, grunt_gozag_breadcrumbs, serial_shops,
          nicolae_shop_advertising_works [nicolae_subvault_shop_adworks],
          nicolae_shop_tiny_glass, shop, nicolae_shop_crystal,
          wad_floor_pattern_untrapped
D:9:      nicolae_cairo_tiling_large_dashed, layout_loops_ring, uniq_harold
Temple:   nicolae_temple_bog_church
Lair:1:   layout_small_grid, gauntlet_entry_generic, grunt_megastairs_3
Lair:2:   layout_regular_city, skrybe_swamp_entry_bodies,
          guppyfry_snake_entry_garden, minmay_lair_oklob_bushes, uniq_erica

Skill      XL: |  1  2  3  4  5  6  7  8  9 10 11 |
---------------+----------------------------------+-----
Spellcasting   | 2 3 4 5 |  5.6
Summonings     | 5 6 7 8 10 12 13 | 13.9
Fighting       | 1 2 3 4 5 |  5.9
Dodging        | 2 3 4 |  4.1
Polearms       | 2 4 5 6 7 |  7.5
Necromancy     | 3 5 7 |  7.3
Air Magic      | 1 |  1.1
Short Blades   | |  0.3
Stealth        | |  1.5

Action                     |  1- 3 |  4- 6 |  7- 9 | 10-12 || total
---------------------------+-------+-------+-------+-------++-------
  Melee: Unarmed           |     7 |       |       |       ||     7
         Dagger            |    45 |       |       |       ||    45
         Trident           |    17 |    76 |   163 |     9 ||   265
         Punch             |       |       |     1 |       ||     1
         Halberd           |       |       |       |   114 ||   114
   Fire: Sling             |    12 |       |       |       ||    12
  Throw: Dart              |       |       |       |     2 ||     2
   Cast: Summon Small Mamm |    21 |     6 |    11 |    11 ||    49
         Call Imp          |    12 |    16 |    32 |    32 ||    92
         Call Canine Famil |       |    13 |    39 |    35 ||    87
         Summon Guardian G |       |     4 |    18 |    33 ||    55
         Summon Lightning  |       |       |     2 |    15 ||    17
         Vampiric Draining |       |       |       |     3 ||     3
  Evoke: Wand              |       |       |       |     2 ||     2
    Use: Scroll            |       |       |     7 |     8 ||    15
         Potion            |       |       |     4 |     7 ||    11
   Stab: Sleeping          |     2 |     2 |       |       ||     4
         Distracted        |     4 |     3 |     7 |     3 ||    17
 Armour: Robe              |    41 |    23 |    68 |       ||   132
         Skin              |       |       |    18 |   132 ||   150
         Steam dragon scal |       |       |       |    87 ||    87
  Dodge: Dodged            |    51 |    41 |    91 |    49 ||   232

Table legend: (Time is in decaauts)
 A = Elapsed time spent in this place.
 B = Non-inter-level travel time spent in this place.
 C = Inter-level travel time spent in this place.
 D = Time resting spent in this place.
 E = Time spent auto-exploring this place.
 F = Levels seen in this place.
 G = Mean time per level.
                   A        B        C        D        E       F      G
               +--------+--------+--------+--------+--------+-----+--------+
         Total |  12359 |  12149 |    210 |   1083 |   7456 |  12 | 1029.9 |
       Dungeon |   9625 |   9454 |    171 |    400 |   6922 |   9 | 1069.4 |
        Temple |     29 |     17 |     12 |      0 |      0 |   1 |   29.0 |
          Lair |   2704 |   2677 |     27 |    683 |    534 |   2 | 1352.0 |
               +--------+--------+--------+--------+--------+-----+--------+

Top non-repeatable levels by time:
     D:5: 1544 daAuts
  Lair:2: 1479 daAuts
     D:4: 1400 daAuts
     D:8: 1260 daAuts
  Lair:1: 1224 daAuts
     D:6: 1201 daAuts
     D:2: 967 daAuts
     D:3: 899 daAuts
     D:1: 827 daAuts
     D:7: 772 daAuts
     D:9: 752 daAuts
  Temple: 29 daAuts
